 Dungeon Crawl Stone Soup version 0.30-a0-672-gc3a7216ad8 (webtiles) character file.

Game seed: 5666248169251798840

649 lunkers the Cleaver (level 8, -3/55 (61) HPs)
             Began as a Meteoran Gladiator on Jan 18, 2023.
             Was a Believer of Dithmenos.
             Slain by a wight
             ... wielding a +6 trident
              (5 damage)
             ... on level 5 of the Dungeon.
             The game lasted 00:04:15 (1580 turns).

lunkers the Cleaver (Meteoran Gladiator)            Turns: 1580, Time: 00:04:16

HP:   -3/55 (61)    AC:  9    Str: 17    XL:     8   Next: 9%
MP:   9/9           EV:  8    Int: 10    God:    Dithmenos [**....]
Gold: 194           SH:  5    Dex: 16    Spells: 7/7 levels left

rFire   . . .      SeeInvis .    a - +0 war axe
rCold   . . .      Faith    .    (no shield)
rNeg    . . .      Spirit   .    h - +0 chain mail
rPois   .          Reflect  +    c - +0 helmet
rElec   .          Harm     .    (no cloak)
rCorr   .          Rampage  .    (no gloves)
Will    +....                    (no boots) Stlth
                                 k - amulet of reflection
HPRegen 0.29/turn                q - ring of flight
MPRegen 0.11/turn                (no ring)

@: flying, glowing, drained
A: sense surroundings 1, otherworldly, glowing, explore regen
a: Renounce Religion, Shadow Step


You were on level 5 of the Dungeon.
You worshipped Dithmenos.
Dithmenos was pleased with you.
You visited 1 branch of the dungeon, and saw 5 of its levels.

You collected 194 gold pieces.

Inventory:

Hand Weapons
 a - a +0 war axe (weapon)
Missiles
 d - 4 throwing nets
 e - a javelin
Armour
 b - a +0 leather armour
 c - a +0 helmet (worn)
 h - a +0 chain mail (worn)
Jewellery
 k - an amulet of reflection (around neck)
 q - a ring of flight (left hand)
Scrolls
 g - 2 scrolls of vulnerability {unknown}
 j - 2 scrolls of amnesia
 l - a scroll of torment {unknown}
 n - a scroll of immolation {unknown}
 o - a scroll of silence {unknown}
 p - 2 scrolls of identify {unknown}
 r - a scroll of fog {unknown}
 t - 2 scrolls of teleportation {unknown}
 v - a scroll of enchant weapon {unknown}
 w - a scroll of brand weapon {unknown}
 y - a scroll of magic mapping {unknown}
 A - a scroll of fear {unknown}
Potions
 f - a potion of curing
 i - a potion of magic {unknown}
 m - a potion of might {unknown}
 s - 2 potions of flight {unknown}
 u - a potion of brilliance {unknown}
 x - a potion of resistance {unknown}
 z - a potion of cancellation {unknown}


   Skills:
 - Level 2.1 Fighting
 + Level 10.2 Axes
 - Level 2.4 Throwing
 - Level 3.6 Dodging


You had 7 spell levels left.
You didn't know any spells.
Your spell library contained the following spells:

 Spells                   Type           Power      Damage    Failure   Level
 Slow                     Hex            0%         N/A       100%        1
 Confusing Touch          Hex            0%         N/A       100%        3
 Vampiric Draining        Necr           0%         2d6       100%        3


Dungeon Overview and Level Annotations

Branches:
Dungeon (5/15) Zot: 1380
 Temple: D:4-7

Altars:
Dithmenos
Makhleb


Innate Abilities, Weirdness & Mutations

You passively map a small area around you.
You are easily found by Zot.
You glow in the dark.
You regain HP and MP as you explore.


Message History

The wight is heavily damaged.
The wight hits you with a +0 falchion.
* * * LOW HITPOINT WARNING * * *
You slash the wight!
You destroy the wight!
Dithmenos accepts your kill.
Your Axes skill increases to level 10!
You have reached level 8!
You fly downwards.
The wight hits you with a +3 spear.
* * * LOW HITPOINT WARNING * * *
You feel drained. You block the wight's attack.
There is a stone staircase leading up here.
Unknown command.
The wight hits you with a +3 spear.
* * * LOW HITPOINT WARNING * * *
You fly upwards.
There is a stone staircase leading down here.
You barely miss the wight.
The wight is severely damaged.
The wight barely misses you.
You slash the wight!
You destroy the wight!
Dithmenos accepts your kill.
A - a scroll labelled ICOECY WIAKOSCH
Items here: )) [[.
There is a stone staircase leading down here.
As you read the scroll labelled SEGEMISAIS, it crumbles to dust.
It is a scroll of amnesia.
You feel forgetful for a moment.
You fly downwards.
The wight hits you with a +5 hand axe!
* * * LOW HITPOINT WARNING * * *
You feel drained.
* * * LOW HITPOINT WARNING * * *
There is a stone staircase leading up here.
The wight hits you with a +5 hand axe.
* * * LOW HITPOINT WARNING * * *
The wight hits you from afar with a +6 trident!
* * * LOW HITPOINT WARNING * * *
You feel drained.
You die...

, * *
#.......#* * ,
* #.......# , ,
#$......+
.#####.......##
..............#
,
,..##.........#
*,* ,,,
#.zzz.....# ,
,,#.#####'### *
........#@zzz.#
,
....$.zz#######
........# *
........#* **,
, ,* ,
......... * *
......... ,
###.....>, * *


You could see 3 wights.

Vanquished Creatures
  A black bear (D:4)
  A phantom (D:5)
  2 scorpions (D:4)
  2 wights (D:4)
  A gnoll bouda (D:4)
  Jessica (D:3)
  An iguana (D:5)
  5 gnolls (D:4)
  4 adders
  A worm (D:4)
  A dart slug (D:1)
  6 orcs
  9 ball pythons
  7 bats
  3 endoplasms
  4 giant cockroaches
  11 goblins
  4 hobgoblins
  3 quokkas
  7 kobolds
  6 rats
80 creatures vanquished.

Notes
Turn   | Place    | Note
-------+----------+-------------------------------------------
     0 | D:1      | lunkers the Meteoran Gladiator began the quest for the Orb.
     0 | D:1      | Reached XP level 1. HP: 17/17 MP: 2/2
    18 | D:1      | Reached skill level 4 in Axes
    22 | D:1      | Reached XP level 2. HP: 22/24 MP: 3/3
   232 | D:1      | Reached XP level 3. HP: 29/29 MP: 4/4
   433 | D:2      | Reached skill level 5 in Axes
   447 | D:2      | Found a faded altar of an unknown god.
   458 | D:2      | Prayed at the altar of an unknown god.
   458 | D:2      | Became a worshipper of Dithmenos the Shadowed
   458 | D:2      | Reached * piety under Dithmenos
   504 | D:2      | Reached XP level 4. HP: 36/36 MP: 5/5
   641 | D:3      | Noticed Jessica
   647 | D:3      | Killed Jessica
   648 | D:3      | Reached skill level 6 in Axes
   648 | D:3      | Reached XP level 5. HP: 41/41 MP: 6/6
   652 | D:3      | Reached ** piety under Dithmenos
   806 | D:3      | Found a burning altar of Makhleb.
   806 | D:3      | Noticed a blizzard demon
  1148 | D:4      | Reached skill level 7 in Axes
  1148 | D:4      | Reached XP level 6. HP: 25/48 MP: 7/7
  1198 | D:4      | Reached skill level 8 in Axes
  1316 | D:4      | Reached XP level 7. HP: 37/55 MP: 8/8
  1410 | D:4      | Reached skill level 9 in Axes
  1513 | D:5      | Entered Level 5 of the Dungeon
  1568 | D:4      | Reached skill level 10 in Axes
  1568 | D:4      | Reached XP level 8. HP: 23/58 MP: 9/9
  1580 | D:5      | HP: 2/57 [wight/+6 trident (11)]
  1580 | D:5      | Slain by a wight

Illustrated notes

Levels and vault maps discovered:
D:1:      eino_arrival_water_star, layout_basic, minivault_27
D:2:      layout_rooms, hellmonk_ecumenical_altar_lost_god, minmay_tromino_i4
D:3:      layout_basic, makhleb_altar_promises_db, uniq_crazy_yiuf_cottage,
          uniq_jessica
D:4:      kennysheep_the_goblin_king, layout_loops_ring
D:5:      layout_basic, minmay_temple_entry_proselytizer

Skill      XL: |  1  2  3  4  5  6  7 |
---------------+----------------------+-----
Axes           | 4 5 6 7 8 10 | 10.2
Fighting       | |  2.1
Throwing       | |  2.4
Dodging        | |  3.6

Action                   |  1- 3 |  4- 6 |  7- 9 || total
-------------------------+-------+-------+-------++-------
Melee: War axe           |    61 |   104 |    61 ||   226
       Punch             |     2 |       |     1 ||     3
  Use: Potion            |       |       |     6 ||     6
       Scroll            |       |       |     1 ||     1
Armor: Leather armour    |    11 |       |       ||    11
       Chain mail        |    38 |    44 |    31 ||   113
Dodge: Dodged            |    37 |    28 |    26 ||    91
Block: Other             |     1 |    26 |    11 ||    38

Table legend: (Time is in decaauts)
 A = Elapsed time spent in this place.
 B = Non-inter-level travel time spent in this place.
 C = Inter-level travel time spent in this place.
 D = Time resting spent in this place.
 E = Time spent auto-exploring this place.
 F = Levels seen in this place.
 G = Mean time per level.
                   A        B        C        D        E       F      G
               +--------+--------+--------+--------+--------+-----+--------+
         Total |   1618 |   1551 |     67 |      0 |   1024 |   5 |  323.6 |
       Dungeon |   1618 |   1551 |     67 |      0 |   1024 |   5 |  323.6 |
               +--------+--------+--------+--------+--------+-----+--------+

Top non-repeatable levels by time:
     D:4: 652 daAuts
     D:1: 432 daAuts
     D:3: 336 daAuts
     D:2: 144 daAuts
     D:5: 52 daAuts
